 Dungeon Crawl Stone Soup version 0.29-a0-962-gc8bbfd0a37 (webtiles) character file.

Game seed: 11986235564635317062

2537 wilfster70 the Digger (level 9, 0/55 HPs)
             Began as a Gargoyle Earth Elementalist on July 30, 2022.
             Was an Initiate of Gozag.
             Killed from afar by a steam dragon (16 damage)
             ... with a ball of steam
             ... on level 7 of the Dungeon.
             The game lasted 00:18:37 (8110 turns).

wilfster70 the Digger (Gargoyle Earth Elementalist) Turns: 8110, Time: 00:18:37

Health: 0/55       AC: 11    Str: 19    XL:     9   Next: 55%
Magic:  1/18       EV: 11    Int: 19    God:    Gozag
Gold:   335        SH:  5    Dex: 16    Spells: 16/20 levels left

rFire   . . .      SeeInvis .   b - +0 sling
rCold   . . .      Faith    .   e - +0 buckler
rNeg    + . .      Spirit   .   t - +2 robe {Will+}
rPois   ∞          Reflect  .   (no helmet)
rElec   +          Harm     .   (no cloak)
rCorr   .          Rampage  .   (no gloves)
Will    +....                   f - +0 pair of boots
Stlth   ++........              (no amulet)
HPRegen 0.18/turn               o - +6 ring of strength
MPRegen 0.16/turn               q - +6 ring of dexterity

@: gold aura
A: sickness immunity, AC +6, negative energy resistance 1, electricity
resistance, torment resistance 1, petrification resistance
a: Renounce Religion, Potion Petition, Call Merchant, Bribe Branch


You were on level 7 of the Dungeon.
You worshipped Gozag.
Gozag was aware of your devotion.
You visited 1 branch of the dungeon, and saw 9 of its levels.

You collected 521 gold pieces.
You paid 186 gold pieces to Gozag.

Inventory:

Hand Weapons
 a - a +1 dagger of speed
 b - a +0 sling (weapon)
 w - a +0 spear
Missiles
 c - 11 poisoned darts
 l - 4 boomerangs of dispersal
 x - a throwing net
Armour
 e - a +0 buckler (worn)
 f - a +0 pair of boots (worn)
 t - a +2 robe of willpower (worn)
Jewellery
 o - a +6 ring of strength (left hand)
 q - a +6 ring of dexterity (right hand)
Wands
 d - a wand of flame (39)
Scrolls
 g - a scroll of fear
 h - 5 scrolls of teleportation
 r - a scroll of identify
 u - a scroll of blinking
Potions
 i - 3 potions of brilliance
 j - a potion of haste {unknown}
 k - 2 potions of curing
 m - a potion of mutation {unknown}
 n - a potion of degeneration {unknown}
 p - 3 potions of magic
 s - a potion of heal wounds {unknown}
 v - a potion of invisibility {unknown}


   Skills:
 - Level 6.0 Fighting
 + Level 4.5 Polearms
 - Level 1.5 Dodging
 - Level 2.1 Stealth
 - Level 4.0 Shields
 - Level 6.0 Spellcasting
 - Level 6.0 Conjurations
 - Level 0.7 Transmutations
 - Level 6.0 Earth Magic


You had 16 spell levels left.
You knew the following spells:

 Your Spells              Type           Power      Damage    Failure   Level
a - Sandblast             Erth           56%        2d13      1%          1
b - Stone Arrow           Conj/Erth      56%        3d10      3%          3

Your spell library contained the following spells:

 Spells                   Type           Power      Damage    Failure   Level
 Passwall                 Tmut/Erth      15%        N/A       5%          2
 Beastly Appendage        Tmut           16%        N/A       11%         1
 Wereblood                Tmut           8%         N/A       16%         2
 Petrify                  Tmut/Erth      18%        N/A       34%         4
 Spider Form              Tmut/Pois      7%         N/A       36%         3


Dungeon Overview and Level Annotations

Branches:
Dungeon (9/15)             Temple (0/1) D:7
   Lair: D:8-11         Orc: D:9-12

Altars:
Dithmenos
Fedhas
Gozag
Ru
Trog
Uskayaw

Shops:
D:2 (   D:5 :

Annotations:
D:3 1 runed translucent door, alja1234's ghost, weakling MeEE
D:6 2 transporters, exclusion: downstairs, ouz's ghost, novice DECj


Innate Abilities, Weirdness & Mutations

You are immune to sickness and miasma.
Your stone body is resilient. (AC +6)
You are immune to poison.
You resist negative energy. (rN+)
You are resistant to electric shocks. (rElec)
You are resistant to unholy torment.
You are immune to petrification.


Message History

Aim: a centaur, wielding a +0 shortbow (severely wounded, 83% to hit)
The stone arrow hits the centaur!
You kill the centaur!
The steam dragon breathes steam at you. The ball of steam misses you.
Things that are here:
14 gold pieces; a +0 shortbow; a +0 whip
Casting: Stone Arrow (dangerous; 3% risk of failure)
Confirm with . or Enter, or press ? or * to list all spells.
Aiming: Stone Arrow (dangerous; 3% risk of failure)
Press: ? - help, Shift-Dir - straight line, f - steam dragon
Aim: a steam dragon (catching its breath, 71% to hit)
The stone arrow hits the steam dragon.
The steam dragon is moderately wounded.
You are engulfed in a cloud of scalding steam.
* * * LOW HITPOINT WARNING * * *
The steam dragon bites you.
* * * LOW HITPOINT WARNING * * *
The steam dragon claws you but does no damage.
You feel better.
You are engulfed in a cloud of scalding steam.
The steam dragon is distracted by your dazzling golden aura.
Casting: Stone Arrow (dangerous; 3% risk of failure)
Confirm with . or Enter, or press ? or * to list all spells.
Aiming: Stone Arrow (dangerous; 3% risk of failure)
Press: ? - help, Shift-Dir - straight line, f/p - steam dragon
Aim: a steam dragon (moderately wounded, unaware, hasn't noticed you, 71% to hit)
The stone arrow misses the steam dragon.
Casting: Stone Arrow (dangerous; 3% risk of failure)
Confirm with . or Enter, or press ? or * to list all spells.
Aiming: Stone Arrow (dangerous; 3% risk of failure)
Press: ? - help, Shift-Dir - straight line, f/p - steam dragon
Aim: a steam dragon (moderately wounded, 71% to hit)
The stone arrow hits the steam dragon!!
The steam dragon is almost dead.
The steam dragon is no longer distracted by gold.
The steam dragon breathes steam at you. The ball of steam hits you!
You die...
Your body crumbles into a pile of gold.

.....)##..........####......D..
......###..........##....##....
##.................##......§.D.
.#..._....................§§c..
.......##................$.§.#
....##.##..........).......###.
...##.......###........c......[
..####...........D.#.......#...
..###...........@###......## .
..##.............###.......#
...#........§§§...##.........
#....#.....§.§....#............
#..#.###.....§#.#########.#....
....###....§.§.#).≈§§≈≈. ###...
.....##.....§..#.≈.§§§.≈ ...
...............#.≈.§≈≈.§
.#..###.#......#.≈≈...≈≈


You could see a steam dragon (catching breath).

Vanquished Creatures
  A manticore (D:7)
  An ice beast (D:7)
  A black bear (D:6)
  2 ogres
  3 centaurs
  A phantom (D:6)
  Blork the orc (D:4)
  A bullfrog (D:6)
  A jelly (D:4)
  A necrophage (D:8)
  5 scorpions
  3 killer bees
  7 hounds
  3 orc priests (D:7)
  A gnoll bouda (D:6)
  5 iguanas
  Terence (D:2)
  4 orc wizards
  Natasha (twice) (D:2)
  7 gnolls
  6 adders
  A shadow imp (D:5)
  2 white imps
  An ufetubus (D:5)
  4 worms
  3 dart slugs
  14 orcs
  12 ball pythons
  9 endoplasms
  6 goblins
  7 hobgoblins
  5 jackals
  2 quokkas (D:3)
  4 bats (D:1)
  2 frilled lizards
  3 kobolds
  10 rats
142 creatures vanquished.

Vanquished Creatures (others)
  A wizard (D:4)
  A fungus (D:1)
2 creatures vanquished.

Grand Total: 144 creatures vanquished

Notes
Turn   | Place    | Note
-------+----------+-------------------------------------------
     0 | D:1      | wilfster70 the Gargoyle Earth Elementalist began the quest
                  | for the Orb.
     0 | D:1      | Reached XP level 1. HP: 10/10 MP: 3/3
   127 | D:1      | Reached XP level 2. HP: 15/15 MP: 0/5
   457 | D:1      | Reached XP level 3. HP: 19/19 MP: 4/6
   461 | D:1      | Learned a level 3 spell: Stone Arrow
  1213 | D:2      | Noticed Terence
  1224 | D:2      | Killed Terence
  1225 | D:2      | Reached skill level 1 in Shields
  1225 | D:2      | Reached skill level 5 in Earth Magic
  1225 | D:2      | Reached XP level 4. HP: 21/24 MP: 4/8
  1679 | D:2      | Noticed Natasha
  1683 | D:2      | Killed Natasha
  1838 | D:2      | Found Jarr's Antique Weapon Shoppe.
  2018 | D:2      | Noticed Natasha
  2023 | D:2      | Killed Natasha
  2024 | D:2      | Reached XP level 5. HP: 28/28 MP: 6/9
  2216 | D:3      | Found a shadowy altar of Dithmenos.
  2653 | D:3      | Found a blossoming altar of Fedhas.
  2795 | D:3      | Found a runed translucent door.
  2802 | D:3      | Noticed alja1234's ghost (weakling MeEE)
  2966 | D:4      | Reached XP level 6. HP: 32/32 MP: 7/11
  3643 | D:4      | Reached skill level 1 in Conjurations
  4066 | D:4      | Reached XP level 7. HP: 28/36 MP: 8/12
  4149 | D:4      | Noticed Blork the orc
  4465 | D:4      | Found a bloodstained altar of Trog.
  4468 | D:4      | Noticed a wizard
  4473 | D:4      | Killed a wizard
  4608 | D:4      | Killed Blork the orc
  4867 | D:5      | Entered Level 5 of the Dungeon
  4937 | D:5      | Found Puona's Tremendous Tomes.
  4945 | D:5      | Reached skill level 5 in Spellcasting
  5249 | D:6      | Reached XP level 8. HP: 40/41 MP: 13/16
  5533 | D:5      | Reached skill level 1 in Fighting
  5979 | D:6      | Found a transporter.
  5980 | D:6      | Found a transporter.
  5980 | D:6      | Noticed ouz's ghost (novice DECj)
  5997 | D:6      | Noticed a troll
  6035 | D:6      | Found a hide-covered altar of Uskayaw.
  6048 | D:6      | You fall into a shaft and drop 3 floors!
  6154 | D:7      | Found an opulent altar of Gozag.
  6161 | D:7      | Reached skill level 5 in Fighting
  6180 | D:7      | Became a worshipper of Gozag Ym Sagoz the Greedy
  6248 | D:7      | Found a staircase to the Ecumenical Temple.
  6694 | D:6      | Reached XP level 9. HP: 28/55 MP: 12/18
  6854 | D:6      | Reached skill level 5 in Conjurations
  7339 | D:7      | Noticed a manticore
  7536 | D:6      | Reached skill level 1 in Polearms
  7896 | D:7      | Found a sacrificial altar of Ru.
  7914 | D:7      | Killed a manticore
  8110 | D:7      | Killed from afar by a steam dragon

Illustrated notes

Levels and vault maps discovered:
D:1:      lemuel_arrival_muddy, layout_loops_ring
D:2:      layout_basic, serial_shops, nicolae_lakefront_shop, uniq_terence,
          uniq_natasha
D:3:      layout_basic, lemuel_tele_altar, mainiacjoe_overflow_cross_hatched,
          ebering_ghost_sewer_d
D:4:      layout_cave_pools, trog_wizard, minmay_tree_intersection,
          kennysheep_big_empty_room, kennysheep_nondescript, grunt_ministairs_2,
          uniq_blork_the_orc
D:5:      layout_gridville, nicolae_shop_i_like_big_books, grunt_decor_arrowhead
D:6:      layout_basic, general_overflow_altar, gammafunk_ghost_arena,
          roderic_lattice_a
D:7:      layout_cave_pools, nicolae_gozag_seed_capital,
          mainiacjoe_overflow_paths, minmay_temple_entry_statues_pillars,
          minmay_manual_mess
D:8:      layout_basic, nicolae_overflow_hidden_temple, enter_bailey_5,
          small_statue_intersection, lemuel_another_geyser
D:9:      layout_loops_cross, lemuel_coloured_pillars_altar, lair_entry_dummy,
          david_orc_1_choice

Skill      XL: |  1  2  3  4  5  6  7  8  9 |
---------------+----------------------------+-----
Earth Magic    | 4 5 6 |  6.0
Shields        | 1 2 4 |  4.0
Spellcasting   | 3 5 6 |  6.0
Conjurations   | 2 3 4 6 |  6.0
Fighting       | 6 |  6.0
Polearms       | 4 |  4.5
Dodging        | |  1.5
Stealth        | |  2.1
Transmutations | |  0.7

Action                   |  1- 3 |  4- 6 |  7- 9 || total
-------------------------+-------+-------+-------++-------
Melee: Unarmed           |     3 |       |       ||     3
       Dagger            |     6 |     2 |    33 ||    41
 Fire: Sling             |       |       |    10 ||    10
Throw: Dart              |     6 |     4 |       ||    10
 Cast: Sandblast         |    33 |    83 |   122 ||   238
       Stone Arrow       |       |       |    21 ||    21
  Use: Scroll            |     3 |     1 |     6 ||    10
       Potion            |       |       |     1 ||     1
Armor: Robe              |     3 |    14 |    85 ||   102
Dodge: Dodged            |     8 |    24 |    87 ||   119
Block: Buckler           |     1 |    10 |    41 ||    52

Table legend: (Time is in decaauts)
 A = Elapsed time spent in this place.
 B = Non-inter-level travel time spent in this place.
 C = Inter-level travel time spent in this place.
 D = Time resting spent in this place.
 E = Time spent auto-exploring this place.
 F = Levels seen in this place.
 G = Mean time per level.
                   A        B        C        D        E       F      G
               +--------+--------+--------+--------+--------+-----+--------+
         Total |   8358 |   8191 |    167 |   3394 |   2253 |   9 |  928.7 |
       Dungeon |   8358 |   8191 |    167 |   3394 |   2253 |   9 |  928.7 |
               +--------+--------+--------+--------+--------+-----+--------+

Top non-repeatable levels by time:
     D:6: 1977 daAuts
     D:4: 1461 daAuts
     D:3: 1406 daAuts
     D:1: 1239 daAuts
     D:2: 906 daAuts
     D:5: 771 daAuts
     D:7: 554 daAuts
     D:8: 28 daAuts
     D:9: 12 daAuts
